 Dungeon Sprint DCSS version 0.28-a0-239-g68911e0c57 (webtiles) character file.

Game seed: 17435189849187204484

441 jt the Cleaver (level 6, -13/50 HPs)
             Began as a Palentonga Fighter on Aug 23, 2021.
             Was an Initiate of Okawaru.
             Mangled by a slime creature (19 damage)
             ... in the Dungeon (Sprint I: "Red Sonja").
             The game lasted 00:01:15 (556 turns).

jt the Cleaver (Palentonga Fighter)                  Turns: 556, Time: 00:01:16

Health: -13/50     AC:  6    Str: 22    XL:     6   Next: 71%
Magic:  6/6        EV:  7    Int:  8    God:    Okawaru [......]
Gold:   297        SH: 10    Dex:  9    Spells: 5/5 levels left

rFire   . . .      SeeInvis +   a - +0 war axe
rCold   . . .      Faith    .   c - +0 kite shield
rNeg    . . .      Spirit   .   b - +0 scale mail
rPois   .          Reflect  .   (no helmet)
rElec   .          Harm     .   (no cloak)
rCorr   .          Rampage  .   (no gloves)
Will    .....      NoTele   +   (no barding)
Stlth   ..........              (no amulet)
HPRegen 0.16/turn               (no ring)
MPRegen 0.10/turn               (no ring)

@: no status effects
A: large, rugged brown scales 3, see invisible, deformed body, roll 1, armoured
tail
a: Rolling Charge, Renounce Religion


You were in the Dungeon.
You worshipped Okawaru.
Okawaru was noncommittal.
You visited 1 branch You collected 297 gold pieces.

Inventory:

Hand Weapons
 a - a +0 war axe (weapon)
 i - a +0 scythe
Armour
 b - a +0 scale mail (worn)
 c - a +0 kite shield (worn)
Magical Staves
 k - a staff of poison
Scrolls
 j - a scroll of blinking
Potions
 d - 2 potions of might
 e - 2 potions of curing
 f - a potion of heal wounds
 g - a potion of haste
 h - 2 potions of magic


   Skills:
 - Level 3.0 Fighting
 + Level 10.4 Axes
 - Level 2.4 Armour
 - Level 9.0 Shields


You had 5 spell levels left.
You didn't know any spells.
Your spell library was empty.

Dungeon Overview and Level Annotations

Branches:
Dungeon (1/1)

Altars:
Cheibriados
Dithmenos
Elyvilon
Fedhas
Gozag
Hepliaklqana
Kikubaaqudgha
Makhleb
Nemelex Xobeh
Okawaru
Qazlal
Ru
Sif Muna
Trog
Uskayaw
Vehumet
Wu Jian
Xom
Yredelemnul
Zin
The Shining One
Jiyva
Lugonu

Shops:
D =


Innate Abilities, Weirdness & Mutations

You are completely covered in rugged brown scales. (AC +3, +7% HP)
You have supernaturally acute eyesight. (SInv)
Armour fits poorly on your strangely shaped body.
You can roll at nearby foes to attack.
You have a long armoured tail.


Message History

You hit the slime creature.
The slime creature is heavily wounded.
The slime creature jiggles.
The slime creature hits you!
You are too injured to fight recklessly!
You are too injured to fight recklessly!
You are too injured to fight recklessly!
You completely miss the slime creature.
The slime creature is heavily wounded.
The slime creature hits you!
* * * LOW HITPOINT WARNING * * *
You slash the slime creature!
The slime creature is severely wounded.
The slime creature hits you but does no damage.
You hit the slime creature.
You tail-slap the slime creature, but do no damage.
The slime creature is severely wounded.
You block the slime creature's attack.
You hit the slime creature but do no damage.
The slime creature is severely wounded.
You block the slime creature's attack.
You hit the slime creature but do no damage.
The slime creature is severely wounded.
You block the slime creature's attack.
You slash the slime creature!
The slime creature is severely wounded.
The slime creature hits you!
* * * LOW HITPOINT WARNING * * *
You hit the slime creature.
The slime creature is almost dead.
You block the slime creature's attack.
Okay, then.
You barely miss the slime creature.
The slime creature is almost dead.
The slime creature hits you but does no damage.
You barely miss the slime creature.
Your tail-slap misses the slime creature.
The slime creature is severely wounded.
The slime creature hits you!!
You die...

###################
#<.#.)'..#..'..#__#
#..)..#..'[.#.@J..+
#..#####'#####'#__#
#..####..#...#(# ##
#..#__####..##.#
#..#_____##'#_.+
#⌠⌠#_.∩...†..._#
####_..__##_.#'#
#_____###+#.#
####### ###


You could see a slime creature.

Vanquished Creatures
  Sigmund (D)
  A yak (D)
  An ogre (D)
  A jelly (D)
  Ijyb (D)
5 creatures vanquished.

Notes
Turn   | Place    | Note
-------+----------+-------------------------------------------
     0 | D        | jt the Palentonga Fighter began the quest for the Orb.
     0 | D        | Reached XP level 1. HP: 19/19 MP: 1/1
     1 | D        | Noticed Ijyb
    14 | D        | Killed Ijyb
    15 | D        | Reached skill level 4 in Axes
    15 | D        | Reached XP level 2. HP: 14/25 MP: 2/2
   142 | D        | Noticed an ogre
   147 | D        | Killed an ogre
   148 | D        | Reached skill level 6 in Axes
   148 | D        | Reached skill level 5 in Shields
   148 | D        | Reached XP level 3. HP: 23/31 MP: 3/3
   148 | D        | Reached XP level 4. HP: 27/37 MP: 4/4
   290 | D        | Noticed Sigmund
   297 | D        | Killed Sigmund
   298 | D        | Reached skill level 9 in Axes
   298 | D        | Reached XP level 5. HP: 29/43 MP: 5/5
   298 | D        | Reached XP level 6. HP: 34/50 MP: 6/6
   409 | D        | Found a shimmering blue altar of Sif Muna.
   410 | D        | Found an ornate altar of the Wu Jian Council.
   411 | D        | Found a radiant altar of Vehumet.
   443 | D        | Found Qabb's Jewellery Emporium.
   443 | D        | Found an ancient bone altar of Kikubaaqudgha.
   443 | D        | Found a hazy altar of Hepliaklqana.
   443 | D        | Found a hide-covered altar of Uskayaw.
   443 | D        | Found a basalt altar of Yredelemnul.
   443 | D        | Found an opulent altar of Gozag.
   443 | D        | Found a snail-covered altar of Cheibriados.
   443 | D        | Found a sacrificial altar of Ru.
   443 | D        | Found a shadowy altar of Dithmenos.
   443 | D        | Noticed a yak
   450 | D        | Killed a yak
   451 | D        | Reached skill level 10 in Axes
   451 | D        | Found a stormy altar of Qazlal.
   451 | D        | Found a blossoming altar of Fedhas.
   451 | D        | Found a bloodstained altar of Trog.
   451 | D        | Found an iron altar of Okawaru.
   451 | D        | Found a glowing golden altar of the Shining One.
   451 | D        | Found a glowing silver altar of Zin.
   451 | D        | Found a white marble altar of Elyvilon.
   452 | D        | Found a sparkling altar of Nemelex Xobeh.
   529 | D        | Became a worshipper of Warmaster Okawaru
   541 | D        | Found a viscous altar of Jiyva.
   541 | D        | Found a corrupted altar of Lugonu.
   541 | D        | Noticed a slime creature
   542 | D        | Found a burning altar of Makhleb.
   542 | D        | Found a shimmering altar of Xom.
   556 | D        | Mangled by a slime creature

Illustrated notes

Levels and vault maps discovered:
D:        dungeon_sprint_1 [red_sonja_temple_1, red_sonja_temple_small_1]

Skill      XL: |  1  2  3  4  5  6 |
---------------+-------------------+-----
Axes           | 4 6 9 10 | 10.4
Shields        | 4 5 7 9 |  9.0
Fighting       | |  3.0
Armour         | |  2.4

Action                   |  1- 3 |  4- 6 || total
-------------------------+-------+-------++-------
Melee: War axe           |    15 |    29 ||    44
       Tailslap          |     3 |     8 ||    11
 Abil: Rolling Charge    |     1 |     2 ||     3
  Use: Potion            |     1 |       ||     1
Armor: Scale mail        |     5 |     4 ||     9
Dodge: Dodged            |     1 |     3 ||     4
Block: Kite shield       |     6 |    10 ||    16

Table legend: (Time is in decaauts)
 A = Elapsed time spent in this place.
 B = Non-inter-level travel time spent in this place.
 C = Inter-level travel time spent in this place.
 D = Time resting spent in this place.
 E = Time spent auto-exploring this place.
 F = Levels seen in this place.
 G = Mean time per level.
                   A        B        C        D        E       F      G
               +--------+--------+--------+--------+--------+-----+--------+
         Total |    575 |    575 |      0 |    426 |      0 |   1 |  575.0 |
       Dungeon |    575 |    575 |      0 |    426 |      0 |   1 |  575.0 |
               +--------+--------+--------+--------+--------+-----+--------+

Top non-repeatable levels by time:
       D: 575 daAuts
